 Dungeon Crawl Stone Soup version 0.23-a0-448-g1c01f63 (webtiles) character file.

94 Lavandula the Gusty (level 4, 0/39 HPs)
             Began as a Naga Air Elementalist on Nov 20, 2018.
             Succumbed to a scorpion's poison
             ... on level 5 of the Dungeon.
             The game lasted 00:07:52 (767 turns).

Lavandula the Gusty (Naga Air Elementalist)          Turns: 767, Time: 00:07:53

Health: 0/39       AC:  4    Str:  8 (10) XL:     4   Next: 63%
Magic:  12/15      EV:  9    Int: 18 (21) God:
Gold:   72         SH:  0    Dex: 13 (15) Spells: 1/9 levels left

rFire    . . .     SeeInvis +   (no weapon)
rCold    . . .     Gourm    .   (no shield)
rNeg     . . .     Faith    .   a - +0 robe
rPois    +         Spirit   .   (no helmet)
rElec    .         Reflect  .   (no cloak)
rCorr    .         Harm     .   (no gloves)
MR       .....                  (no barding)
Stlth    ++........             (no amulet)
HPRegen  0.13/turn              h - ring of magical power
MPRegen  0.14/turn              q - +3 ring of dexterity

@: brilliant, lethally poisoned (0 -> -6), very slightly contaminated, drained,
invisible, very slow
A: large, iridescent scales 1, see invisible, deformed body, low mp 2, poison
resistance, slowness 2, slow metabolism 1, spit poison 1, AC +1
a: Spit Poison


You were on level 5 of the Dungeon.
You were hungry.

You visited 1 branch of the dungeon, and saw 6 of its levels.

You collected 72 gold pieces.

Inventory:

Hand Weapons
 d - a +0 spear
Armour
 a - a +0 robe (worn)
Jewellery
 h - a ring of magical power (left hand)
 q - a +3 ring of dexterity (right hand)
Wands
 l - a wand of digging (3)
Scrolls
 e - a scroll of fog {unknown}
 n - a scroll of teleportation {unknown}
 o - a scroll of remove curse {unknown}
 p - 2 scrolls of immolation
Potions
 i - a potion of resistance {unknown}
 j - a potion of berserk rage {unknown}
 m - a potion of curing {unknown}
Comestibles
 c - 4 rations


   Skills:
 - Level 1.8(0.8) Fighting
 - Level 1.5(0.5) Dodging
 - Level 3.0(1.9) Stealth
 + Level 3.1(2.1) Spellcasting
 - Level 1.0(0.0) Conjurations
 - Level 3.9(2.8) Air Magic


You had one spell level left.
You knew the following spells:

 Your Spells              Type           Power        Failure   Level  Hunger
a - Shock                 Conj/Air       ###.         1%          1    #......
b - Static Discharge      Conj/Air       ###.....     3%          3    ###....
c - Airstrike             Air            ###.......   7%          4    #####..

Your spell library contained the following spells:

 Spells                   Type           Power        Failure   Level  Hunger
 Swiftness                Chrm/Air       ###.....     1%          2    ###....
 Lightning Bolt           Conj/Air       ###.......   26%         5    ######.


Dungeon Overview and Level Annotations

Branches:
Dungeon (6/15)
 Temple: D:4-7

Altars:
The Shining One

Annotations:
D:5 Menkaure


Innate Abilities, Weirdness & Mutations

You cannot wear boots.
Your serpentine skin is tough. (AC +1)
You have supernaturally acute eyesight. (SInv)
Armour fits poorly on your strangely shaped body.
Your system is resistant to poisons. (rPois)
You cover ground very slowly.
You have a slow metabolism.
You can spit poison.
You are partially covered in iridescent scales. (AC +2)
Your magical capacity is very low. (-20% MP)


Message History

There was something very wrong with that liquid.
You feel weakened.
You feel dopey.
You feel clumsy.
* * * LOW HITPOINT WARNING * * *
You feel sick. The scorpion closely misses you.
Unknown command.
It was a potion of brilliance.
You feel clever all of a sudden.
* * * LOW HITPOINT WARNING * * *
You feel sick.
The scorpion stings you but does no damage.
Unknown command.
It was a potion of invisibility.
You fade into invisibility!
The scorpion barely misses you.
You are very lightly contaminated with residual magic.
Unknown command.
It was a potion of mutation.
You feel extremely strange.
You feel less energetic. x2
Iridescent scales grow over part of your body.
You die...

#.# #.# #.# #.#
#.# #.# #.# # #.#
.#.# #@#
.....###s#####
#.....<.....#.#
###...........#
#########.###.###
#.........# #
#.######### #.#
#.#


You could see a scorpion.

Vanquished Creatures
  Ijyb (D:3)
  A gnoll (D:1)
  3 adders
  An ooze (D:4)
  An adder zombie (D:5)
  A leopard gecko (D:3)
  An orc (D:5)
  2 bats (D:1)
  A goblin (D:2)
  3 hobgoblins
  4 jackals (D:3)
  2 kobolds (D:3)
  A quokka (D:4)
22 creatures vanquished.

Notes
Turn   | Place    | Note
-------+----------+-------------------------------------------
     0 | D:1      | Lavandula the Naga Air Elementalist began the quest for the
                  | Orb.
     0 | D:1      | Reached XP level 1. HP: 15/15 MP: 3/3
    53 | D:1      | Reached XP level 2. HP: 14/22 MP: 0/5
   221 | D:3      | Noticed Ijyb
   247 | D:3      | Killed Ijyb
   247 | D:3      | Reached skill level 1 in Fighting
   247 | D:3      | Reached XP level 3. HP: 8/32 MP: 0/7
   252 | D:3      | Learned a level 3 spell: Static Discharge
   362 | D:3      | Reached XP level 4. HP: 28/39 MP: 8/8
   407 | D:3      | Found a glowing golden altar of the Shining One.
   534 | D:4      | Learned a level 4 spell: Airstrike
   602 | D:5      | Entered Level 5 of the Dungeon
   610 | D:5      | Noticed Menkaure
   765 | D:5      | HP: 1/39 [poisoned by a scorpion]
   767 | D:5      | Gained mutation: Your magical capacity is low. (-10% MP)
                  | [potion of mutation]
   767 | D:5      | Gained mutation: Your magical capacity is very low. (-20%
                  | MP) [potion of mutation]
   767 | D:5      | Gained mutation: You are partially covered in iridescent
                  | scales. (AC +2) [potion of mutation]
   767 | D:5      | Succumbed to a scorpion's poison

Vault maps used:
D:1:      tarquinn_simple_flora_water_e, minivault_14
D:2:      st_stairs_13, minmay_misc_feat_four_crosses
D:3:      lemuel_doored_altar, first_ration, tso_metal_star, uniq_ijyb
D:4:      grunt_temple_overflow_open, nicolae_ossuary_entry_false_entrances,
          dk_noncrumbling_3, lemuel_blue_sif_altar
D:5:      sigmund_army, uniq_sigmund, uniq_eustachio, uniq_menkaure
D:6:      serial_shops, shop, minmay_misc_feat_five, item_on_display_a

Skill      XL: |  1  2 |
---------------+-------+-----
Spellcasting   | 3 |  3.1
Fighting       | 1 |  1.8
Dodging        | |  1.5
Stealth        | |  3.0
Conjurations   | |  1.0
Air Magic      | |  3.9

Action                   |  1- 3 |  4- 6 || total
-------------------------+-------+-------++-------
 Cast: Shock             |    26 |    36 ||    62
 Abil: Spit Poison       |    11 |     6 ||    17
  Use: Potion            |       |     5 ||     5
       Scroll            |       |     3 ||     3
Armor: Robe              |     2 |     3 ||     5
Dodge: Dodged            |    14 |    21 ||    35

Table legend:
 A = Non-vault XP
 B = Vault XP
 C = Vault XP percentage of total XP
 D = Non-vault monster count
 E = Vault monster count
 F = Vault count percentage of total count
                 A         B        C        D         E       F
            +---------+---------+-------+---------+---------+-------
      Total |      99 |      36 |  26.7 |      21 |       1 |   4.5
            +---------+---------+-------+---------+---------+-------
        D:1 |      21 |       0 |   0.0 |       4 |       0 |   0.0
        D:2 |       4 |       0 |   0.0 |       2 |       0 |   0.0
        D:3 |      44 |      36 |  45.0 |      10 |       1 |   9.1
        D:4 |       9 |       0 |   0.0 |       2 |       0 |   0.0
        D:5 |      21 |       0 |   0.0 |       3 |       0 |   0.0
            +---------+---------+-------+---------+---------+-------
